APP
PULASKI YANKEES @ OAKLAND (APP) ATHLETICS
05/23/2044
 
TOP OF THE 1ST
Pulaski Yankees batting - Pitching for Oakland (APP) Athletics : RHP Kyle Rasor
Pitching: RHP Kyle Rasor
Batting: RHB Bobby Melillo 0-0: Ball
1-0: Called Strike
1-1: Ball
2-1: Ball
3-1: Base on Balls
Batting: LHB Dan Morris 0-0: Called Strike
0-1: Hit by Pitch
Bobby Melillo to second
Batting: LHB Joel Vera 0-0: Called Strike
0-1: Ball
Bobby Melillo steals 3rd base
1-1: Foul Ball, location: 2F
1-2: Foul Ball, location: 2F
1-2: SINGLE (Groundball, 4MS, EV 65.6 MPH) (infield hit)
Bobby Melillo scores
Dan Morris to second
Batting: RHB Mike Gifford 0-0: Swinging Strike
0-1: Ball
Passed Ball!
Dan Morris to third
Joel Vera to second
1-1: Foul Ball, location: 2F
1-2: Ball
2-2: Ball
3-2: SINGLE (Line Drive, 6MD, EV 96.9 MPH)
Dan Morris scores
Joel Vera to third
Batting: SHB Victor Ruiz 0-0: Ball
1-0: Swinging Strike
1-1: Swinging Strike
1-2: Foul Ball, location: 2F
1-2: Strikes out swinging
Batting: RHB Colby Macon 0-0: Ball
1-0: Foul Ball, location: 2F
1-1: Foul Ball, location: 2F
1-2: Foul Ball, location: 2F
1-2: Ball
2-2: 3-RUN HOME RUN (Flyball, 78XD, EV 108.1 MPH), Distance : 425 ft
Batting: SHB Joe Fure 0-0: TRIPLE (Flyball, 7D, EV 100.6 MPH)
Batting: RHB Alex Colon 0-0: Ground out U3 (Groundball, 3, EV 87.5 MPH)
Batting: RHB Johannes Gutermuth 0-0: Ground out 3-1 (Groundball, 34S, EV 85.0 MPH)
Top of the 1st over - 5 runs, 4 hits, 0 errors, 1 left on base; Pulaski 5 - Oakland (APP) 0
BOTTOM OF THE 1ST
Oakland (APP) Athletics batting - Pitching for Pulaski Yankees : RHP Eric Aguilar
Pitching: RHP Eric Aguilar
Batting: RHB Colin Coleman 0-0: Called Strike
0-1: Called Strike
0-2: Strikes out looking
Batting: RHB Steve Blackshear 0-0: Called Strike
0-1: Ball
1-1: Ball
2-1: Foul Ball, location: 2F
2-2: Strikes out swinging
Batting: RHB Matt Black 0-0: Called Strike
0-1: Swinging Strike
0-2: Ball
1-2: Strikes out looking
Bottom of the 1st over - 0 runs, 0 hits, 0 errors, 0 left on base; Pulaski 5 - Oakland (APP) 0
TOP OF THE 2ND
Pulaski Yankees batting - Pitching for Oakland (APP) Athletics : RHP Kyle Rasor
Batting: RHB Bobby Melillo 0-0: Foul Ball, location: 2F
0-1: Ball
1-1: Ball
2-1: Called Strike
2-2: DOUBLE (Flyball, 89D, EV 113.8 MPH)
Batting: LHB Dan Morris 0-0: Ball
1-0: Called Strike
1-1: Ball
2-1: Foul Ball, location: 2F
2-2: Foul Ball, location: 2F
2-2: Strikes out swinging
Batting: LHB Joel Vera 0-0: Called Strike
Bobby Melillo steals 3rd base
0-1: Ball
1-1: Ball
2-1: Ball
3-1: Base on Balls
Batting: RHB Mike Gifford 0-0: Called Strike
Joel Vera steals 2nd base
0-1: Called Strike
0-2: Ball
1-2: Foul Ball, location: 2F
1-2: Ground out 6-3 (Groundball, 6M, EV 86.9 MPH)
Bobby Melillo scores
Joel Vera to third
Batting: SHB Victor Ruiz 0-0: Ball
1-0: Called Strike
1-1: Ball
2-1: Foul Ball, location: 2F
2-2: Strikes out swinging
Top of the 2nd over - 1 run, 1 hit, 0 errors, 1 left on base; Pulaski 6 - Oakland (APP) 0
BOTTOM OF THE 2ND
Oakland (APP) Athletics batting - Pitching for Pulaski Yankees : RHP Eric Aguilar
Batting: LHB Augustin Cormier 0-0: Called Strike
0-1: Ball
1-1: Ball
2-1: Ball
3-1: Swinging Strike
3-2: Strikes out swinging
Batting: RHB Tetsuya Shinoda 0-0: Ball
1-0: Ball
2-0: Foul Ball, location: 2F
2-1: Swinging Strike
2-2: Strikes out swinging
Batting: RHB Walt Alaniz 0-0: Ball
1-0: Ball
2-0: Called Strike
2-1: Called Strike
2-2: Strikes out swinging
Bottom of the 2nd over - 0 runs, 0 hits, 0 errors, 0 left on base; Pulaski 6 - Oakland (APP) 0
TOP OF THE 3RD
Pulaski Yankees batting - Pitching for Oakland (APP) Athletics : RHP Kyle Rasor
Batting: RHB Colby Macon 0-0: Foul Ball, location: 2F
0-1: Swinging Strike
0-2: Ball
1-2: Ball
2-2: DOUBLE (Flyball, 8RXD, EV 93.1 MPH)
Batting: SHB Joe Fure 0-0: Ball
Colby Macon steals 3rd base (no throw)
1-0: Called Strike
1-1: Foul Ball, location: 2F
1-2: Foul Ball, location: 2F
1-2: Foul Ball, location: 2F
1-2: Ball
2-2: Foul Ball, location: 2F
2-2: Ball
3-2: Foul Ball, location: 2F
3-2: Ground out 6-3 (Groundball, 56, EV 76.9 MPH)
Colby Macon scores
Batting: RHB Alex Colon 0-0: Ball
1-0: Called Strike
1-1: Foul Ball, location: 2F
1-2: SINGLE (Flyball, 78M, EV 94.4 MPH)
Pitching: RHP A.J. Marston
Batting: RHB Johannes Gutermuth 0-0: Ball
1-0: Called Strike
1-1: Called Strike
1-2: Grounds out, U3 (Groundball, 3L, EV 77.5 MPH)
Batting: RHB Bobby Melillo 0-0: Foul Ball, location: 2F
0-1: Foul Ball, location: 2F
0-2: Ball
1-2: Foul Ball, location: 2F
1-2: Ground out 5-3 (Groundball, 56, EV 103.1 MPH)
Top of the 3rd over - 1 run, 2 hits, 0 errors, 1 left on base; Pulaski 7 - Oakland (APP) 0
BOTTOM OF THE 3RD
Oakland (APP) Athletics batting - Pitching for Pulaski Yankees : RHP Eric Aguilar
Batting: RHB Chris Temple 0-0: Called Strike
0-1: SINGLE (Line Drive, 4M, EV 94.4 MPH)
Batting: LHB Mark Friedmann 0-0: Called Strike
0-1: Called Strike
0-2: Ball
1-2: Strikes out swinging
Batting: RHB Tim Anderson 0-0: Called Strike
0-1: Foul Ball, location: 2F
0-2: Strikes out swinging
Batting: RHB Colin Coleman 0-0: Ground out 4-3 (Groundball, 4, EV 101.9 MPH)
Bottom of the 3rd over - 0 runs, 1 hit, 0 errors, 1 left on base; Pulaski 7 - Oakland (APP) 0
TOP OF THE 4TH
Pulaski Yankees batting - Pitching for Oakland (APP) Athletics : RHP A.J. Marston
Batting: LHB Dan Morris 0-0: Called Strike
0-1: Ball
1-1: Ground out 5-3 (Groundball, 56, EV 98.8 MPH)
Batting: LHB Joel Vera 0-0: Foul Ball, location: 2F
0-1: Ball
1-1: Called Strike
1-2: Ball
2-2: Strikes out looking
Batting: RHB Mike Gifford 0-0: Ball
1-0: Ball
2-0: Ground out 4-3 (Groundball, 4MS, EV 89.4 MPH)
Top of the 4th over - 0 runs, 0 hits, 0 errors, 0 left on base; Pulaski 7 - Oakland (APP) 0
BOTTOM OF THE 4TH
Oakland (APP) Athletics batting - Pitching for Pulaski Yankees : RHP Eric Aguilar
Batting: RHB Steve Blackshear 0-0: Ball
1-0: Ball
2-0: Called Strike
2-1: Ground out 4-3 (Groundball, 4S, EV 91.9 MPH)
Batting: RHB Matt Black 0-0: Ball
1-0: Foul Ball, location: 2F
1-1: SINGLE (Groundball, 56, EV 110.0 MPH)
Batting: LHB Augustin Cormier 0-0: Ball
1-0: Foul Ball, location: 2F
1-1: Called Strike
1-2: Ball
2-2: Foul Ball, location: 2F
2-2: Foul Ball, location: 2F
2-2: Foul Ball, location: 2F
2-2: Grounds out, U3 (Groundball, 3L, EV 104.4 MPH)
Batting: RHB Tetsuya Shinoda 0-0: Swinging Strike
0-1: DOUBLE (Groundball, 3L, EV 103.1 MPH)
Matt Black scores
Batting: RHB Walt Alaniz 0-0: Swinging Strike
0-1: Swinging Strike
0-2: Strikes out swinging
Bottom of the 4th over - 1 run, 2 hits, 0 errors, 1 left on base; Pulaski 7 - Oakland (APP) 1
TOP OF THE 5TH
Pulaski Yankees batting - Pitching for Oakland (APP) Athletics : RHP A.J. Marston
Batting: SHB Victor Ruiz 0-0: Ball
1-0: Called Strike
1-1: Foul Ball, location: 2F
1-2: Foul Ball, location: 2F
1-2: SINGLE (Flyball, 56D, EV 87.5 MPH)
Batting: RHB Colby Macon 0-0: Ball
1-0: Ball
2-0: Called Strike
2-1: Swinging Strike
2-2: Foul Ball, location: 2F
2-2: Ball
3-2: SINGLE (Groundball, 4D, EV 98.1 MPH)
Victor Ruiz to second
Runner from 2nd tries for 3rd, OUT! 8-5
Colby Macon to second
Batting: SHB Joe Fure 0-0: Ball
1-0: Called Strike
1-1: Foul Ball, location: 2F
1-2: Foul Ball, location: 2F
1-2: Ball
2-2: Foul Ball, location: 2F
2-2: Strikes out looking
Batting: RHB Alex Colon 0-0: Ball
1-0: Ground out 6-3 (Groundball, 6, EV 99.4 MPH)
Top of the 5th over - 0 runs, 2 hits, 0 errors, 1 left on base; Pulaski 7 - Oakland (APP) 1
BOTTOM OF THE 5TH
Oakland (APP) Athletics batting - Pitching for Pulaski Yankees : RHP Eric Aguilar
DELAY Rain delay of 50 minutes in the 5th inning.
Batting: RHB Chris Temple 0-0: Called Strike
0-1: Called Strike
0-2: Fly out, F9 (Flyball, 9S, EV 86.3 MPH)
Batting: LHB Mark Friedmann 0-0: Called Strike
0-1: Ball
1-1: Called Strike
1-2: Ball
2-2: Ball
3-2: Strikes out looking
Batting: RHB Tim Anderson 0-0: Called Strike
0-1: Ball
1-1: Foul Ball, location: 2F
1-2: Foul Ball, location: 2F
1-2: Ground out 5-3 (Groundball, 56, EV 110.0 MPH)
Bottom of the 5th over - 0 runs, 0 hits, 0 errors, 0 left on base; Pulaski 7 - Oakland (APP) 1
TOP OF THE 6TH
Pulaski Yankees batting - Pitching for Oakland (APP) Athletics : RHP A.J. Marston
Pitching: RHP Jalen Cobbins
Batting: RHB Johannes Gutermuth 0-0: Ball
1-0: Foul Ball, location: 2F
1-1: Foul Ball, location: 2F
1-2: Hit by Pitch
Batting: RHB Bobby Melillo 0-0: Ball
Johannes Gutermuth steals 2nd, throwing error, E2
Johannes Gutermuth to third
1-0: Ball
2-0: Foul Ball, location: 2F
2-1: Fly out, F9 (Flyball, 9LM, EV 92.5 MPH)
Batting: LHB Dan Morris 0-0: Called Strike
0-1: 2-RUN HOME RUN (Flyball, 9LD, EV 94.4 MPH), Distance : 326 ft
Batting: LHB Joel Vera 0-0: Called Strike
0-1: Ball
1-1: Swinging Strike
1-2: Strikes out looking
Batting: RHB Mike Gifford 0-0: Ball
1-0: Ball
2-0: Ball
3-0: Called Strike
3-1: Called Strike
3-2: Strikes out swinging
Top of the 6th over - 2 runs, 1 hit, 1 error, 0 left on base; Pulaski 9 - Oakland (APP) 1
BOTTOM OF THE 6TH
Oakland (APP) Athletics batting - Pitching for Pulaski Yankees : RHP Eric Aguilar
Batting: RHB Colin Coleman 0-0: Fly out, F3 (Line Drive, 3, EV 75.0 MPH)
Batting: RHB Steve Blackshear 0-0: Foul Ball, location: 2F
0-1: Called Strike
0-2: Strikes out swinging
Batting: RHB Matt Black 0-0: Ground out 6-3 (Groundball, 6M, EV 101.3 MPH)
Bottom of the 6th over - 0 runs, 0 hits, 0 errors, 0 left on base; Pulaski 9 - Oakland (APP) 1
TOP OF THE 7TH
Pulaski Yankees batting - Pitching for Oakland (APP) Athletics : RHP Jalen Cobbins
Batting: SHB Victor Ruiz 0-0: Ball
1-0: Called Strike
1-1: Foul Ball, location: 2F
1-2: Strikes out swinging
Batting: RHB Colby Macon 0-0: SINGLE (Groundball, 15S, EV 72.5 MPH) (infield hit)
Batting: SHB Joe Fure 0-0: Ball
1-0: Ball
2-0: SINGLE (Groundball, 6D, EV 96.3 MPH)
Colby Macon to second
Pinch Hitting: RHB Graham Murphy 0-0: Ball
1-0: Called Strike
1-1: Fly out, F5 (Line Drive, 5, EV 76.9 MPH)
Batting: RHB Johannes Gutermuth 0-0: Ball
1-0: Ball
2-0: Swinging Strike
2-1: Ball
3-1: Swinging Strike
3-2: Base on Balls
Colby Macon to third
Joe Fure to second
Pinch Hitting: SHB Eddie Trebelhorn 0-0: Ball
1-0: Ball
2-0: Called Strike
2-1: Foul Ball, location: 2F
2-2: Fly out, F7 (Flyball, 78M, EV 76.3 MPH)
Top of the 7th over - 0 runs, 2 hits, 0 errors, 3 left on base; Pulaski 9 - Oakland (APP) 1
BOTTOM OF THE 7TH
Oakland (APP) Athletics batting - Pitching for Pulaski Yankees : RHP Eric Aguilar
Pitching: RHP Bill Kaiser
Now at 1B: Eddie Trebelhorn
Now in LF: Graham Murphy
Batting: LHB Augustin Cormier 0-0: Ball
1-0: Called Strike
1-1: Ball
2-1: Swinging Strike
2-2: Strikes out swinging
Pinch Hitting: RHB Jason Dove 0-0: Foul Ball, location: 2F
0-1: Swinging Strike
0-2: Ball
1-2: Foul Ball, location: 2F
1-2: Ground out 1-3 (Groundball, 13, EV 70.6 MPH)
Pinch Hitting: LHB Al Soltero 0-0: Hit by Pitch
Batting: RHB Chris Temple 0-0: Fielders Choice at 2nd, 6-4 (Groundball, 6, EV 85.6 MPH)
Bottom of the 7th over - 0 runs, 0 hits, 0 errors, 1 left on base; Pulaski 9 - Oakland (APP) 1
TOP OF THE 8TH
Pulaski Yankees batting - Pitching for Oakland (APP) Athletics : RHP Jalen Cobbins
Pitching: LHP Kalaida Steedman
Now at 1B: Jason Dove
Now in LF: Al Soltero
Batting: LHB Dan Morris 0-0: Called Strike
0-1: Ball
1-1: Ball
2-1: Ball
3-1: Base on Balls
Batting: LHB Joel Vera 0-0: Called Strike
0-1: Swinging Strike
0-2: Foul Ball, location: 2F
0-2: Foul Ball, location: 2F
0-2: Ball
1-2: Foul Ball, location: 2F
1-2: Ball
2-2: Strikes out swinging
Batting: RHB Mike Gifford 0-0: Foul Ball, location: 2F
0-1: Ball
1-1: Fielders Choice at 2nd, 3-6 (Groundball, 3, EV 84.4 MPH)
Batting: SHB Victor Ruiz 0-0: Fly out, F3 (Popup, 34S, EV 86.3 MPH)
Top of the 8th over - 0 runs, 0 hits, 0 errors, 1 left on base; Pulaski 9 - Oakland (APP) 1
BOTTOM OF THE 8TH
Oakland (APP) Athletics batting - Pitching for Pulaski Yankees : RHP Bill Kaiser
Batting: LHB Mark Friedmann 0-0: Ball
1-0: Ball
2-0: Ground out 4-3 (Groundball, 34, EV 79.4 MPH)
Batting: RHB Tim Anderson 0-0: Ball
1-0: Called Strike
1-1: Swinging Strike
1-2: Hit by Pitch
Batting: RHB Colin Coleman 0-0: Ball
1-0: Foul Ball, location: 2F
1-1: Fly out, F9 (Flyball, 9D, EV 88.8 MPH)
Pinch Hitting: RHB Jon Coleman 0-0: Called Strike
0-1: Foul Ball, location: 2F
0-2: Foul Ball, location: 2F
0-2: Strikes out swinging
Bottom of the 8th over - 0 runs, 0 hits, 0 errors, 1 left on base; Pulaski 9 - Oakland (APP) 1
TOP OF THE 9TH
Pulaski Yankees batting - Pitching for Oakland (APP) Athletics : LHP Kalaida Steedman
Now in LF: Jon Coleman
Now in RF: Al Soltero
Batting: RHB Colby Macon 0-0: Ball
1-0: Ball
2-0: Called Strike
2-1: Ball
3-1: Base on Balls
Batting: SHB Joe Fure 0-0: Called Strike
0-1: Ball
1-1: Ball
2-1: Ball
3-1: Fielders Choice at 2nd, 5-4 (Groundball, 56, EV 86.9 MPH)
Batting: RHB Graham Murphy 0-0: Called Strike
0-1: Called Strike
0-2: Foul Ball, location: 2F
0-2: Strikes out swinging
Batting: RHB Johannes Gutermuth 0-0: Ball
1-0: Called Strike
1-1: Swinging Strike
1-2: Strikes out looking
Top of the 9th over - 0 runs, 0 hits, 0 errors, 1 left on base; Pulaski 9 - Oakland (APP) 1
BOTTOM OF THE 9TH
Oakland (APP) Athletics batting - Pitching for Pulaski Yankees : RHP Bill Kaiser
Batting: RHB Matt Black 0-0: Foul Ball, location: 2F
0-1: Ball
1-1: Swinging Strike
1-2: Strikes out swinging
Pitching: RHP Bobby Savoy
Batting: LHB Augustin Cormier 0-0: Ball
1-0: Foul Ball, location: 2F
1-1: Ball
2-1: Fly out, F8 (Line Drive, 8LD, EV 88.1 MPH)
Pinch Hitting: LHB Gregg Power 0-0: Foul Ball, location: 2F
0-1: Ball
1-1: Ball
2-1: Called Strike
2-2: Foul Ball, location: 2F
2-2: Strikes out swinging
Bottom of the 9th over - 0 runs, 0 hits, 0 errors, 0 left on base; Pulaski 9 - Oakland (APP) 1
Thursday, March 31st , 2022 - OOTP Baseball 22.12 Build 89